Gangsters vs Ice Dragons
Created - 7 janvier 2015 at 19:50
Goals
|
| Gangsters |
2 |
1 |
1 |
4 |
| Ice Dragons |
3 |
2 |
1 |
6 |
|
Shots
|
| Gangsters |
18 |
5 |
7 |
30 |
| Ice Dragons |
14 |
13 |
9 |
36 |
|
1st period
1. Gangsters , Gustav Nyquist 17 (Brock Bradford) at 3:52
2. Ice Dragons , Mats Zuccarello 23 (Brad Staubitz, Marc-Antoine Pouliot) at 7:39
3. Ice Dragons , Jeff Tambellini 25 (Patrick O'Sullivan) at 9:34
4. Gangsters , Chris Bourque 16 (Ryan Keller, Alexandre Bolduc) at 12:54 (PP)
5. Ice Dragons , Jeff Tambellini 26 (Patrick O'Sullivan) at 15:23 (PP)
Penalties :
Boris Valabik (Kin) for Hooking (Minor) at 12:44, Dave Dziurzynski (Bro) for Holding (Minor) at 15:21, Martin Hanzal (Kin) for Diving (Minor) at 17:09
2nd period
6. Ice Dragons , Kris Beech 8 (Kevin Klein, Nigel Dawes) at 0:39
7. Gangsters , Ryan Keller 22 (Alexandre Bolduc) at 0:45
8. Ice Dragons , Mats Zuccarello 24 (Boris Valabik) at 16:34
Penalties :
Danny Syvret (Kin) for Interference (Minor) at 7:07, Colten Teubert (Bro) for Hooking (Minor) at 8:56
3rd period
9. Ice Dragons , Troy Brouwer 11 (Martin Hanzal, Cal Clutterbuck) at 3:26
10. Gangsters , Dave Dziurzynski 2 (Gustav Nyquist, Brock Bradford) at 10:18
Penalties :
Alexandre Bolduc (Bro) for Goalie Interference (Minor) at 0:38, Matt Delahey (Bro) for Holding (Minor) at 4:47, Artem Anisimov (Bro) for Hooking (Minor) at 7:05, Luke Gazdic (Bro) for Holding (Minor) at 13:06, Martin Hanzal (Kin) for Holding (Minor) at 15:32, Bryan Young (Bro) for Roughing (Minor) at 16:20
Goalie Stats
David LeNeveu (Bro), 14 saves from 18 shots - (0,778), 20:39 minutes
Dustin Tokarski (Bro), 16 saves from 18 shots - (0,889), L, 5-7-0, 39:21 minutes
Anders Nilsson (Kin), 26 saves from 30 shots - (0,867), W, 6-3-2, 60:00 minutes
Players Stats for Gangsters
Player Name G A P +/- PIM S H SB GA TA FO MP PP MP PK MP
------------------------------------------------------------------------------------
Alexandre Bolduc 0 2 2 0 2 1 0 1 3 1 11/29 20:24 2:46 2:49
Artem Anisimov 0 0 0 -3 2 0 0 0 0 0 7/11 13:12 1:55 0:00
Ben Holmstrom 0 0 0 0 0 0 0 0 0 0 0/0 0:00 0:00 0:00
Brett Ponich 0 0 0 -1 0 0 0 0 0 0 0/0 2:18 0:00 0:00
Brock Bradford 0 2 2 1 0 5 2 1 2 1 1/6 12:41 0:00 2:00
Bryan Young 0 0 0 -2 2 0 3 0 0 2 0/0 26:35 2:58 6:09
Chris Bourque 1 0 1 0 0 3 0 0 1 2 4/11 23:25 2:46 5:20
Colten Teubert 0 0 0 0 2 0 0 1 1 0 0/0 17:54 1:46 2:50
Curtis McKenzie 0 0 0 0 0 0 0 0 0 0 0/0 2:06 0:00 1:48
Dave Dziurzynski 1 0 1 1 2 2 0 0 0 0 0/2 10:05 0:00 0:00
Gabriel Dumont 0 0 0 0 0 0 0 0 0 0 0/0 0:29 0:00 0:29
Gustav Nyquist 1 1 2 1 0 6 2 0 1 1 0/0 11:03 0:05 0:00
Luke Gazdic 0 0 0 0 2 0 1 0 0 0 0/0 6:33 0:00 0:00
Matt Delahey 0 0 0 1 2 1 0 0 1 2 0/0 11:54 0:00 0:00
Maxime Sauvé 0 0 0 0 0 1 0 1 1 0 0/2 6:20 0:00 0:00
Michael Sdao 0 0 0 1 0 2 1 0 0 0 0/0 12:52 0:00 1:36
Mikko Lehtonen 0 0 0 0 0 1 0 0 0 0 0/0 7:20 0:05 0:00
Nathan Moon 0 0 0 0 0 0 0 0 0 0 0/0 0:00 0:00 0:00
Nick Foligno 0 0 0 -3 0 0 2 0 0 0 0/0 16:56 1:55 3:20
Phil McRae 0 0 0 0 0 0 0 0 0 0 0/0 0:00 0:00 0:00
Richard Panik 0 0 0 0 0 0 0 0 0 0 0/0 0:19 0:05 0:00
Ryan Jones 0 0 0 -3 0 3 1 0 0 0 0/0 13:11 1:55 0:00
Ryan Keller 1 1 2 0 0 2 0 0 2 0 1/1 23:29 2:46 5:24
Shaun Heska 0 0 0 0 0 2 2 1 1 0 0/0 18:46 1:47 3:42
Ville Koistinen 0 0 0 -3 0 1 3 0 1 1 0/0 30:05 2:59 6:53
Players Stats for Ice Dragons
Player Name G A P +/- PIM S H SB GA TA FO MP PP MP PK MP
------------------------------------------------------------------------------------
Alexander Radulov 0 0 0 0 0 5 2 1 2 1 3/8 22:58 5:21 2:53
Boris Valabik 0 1 1 3 2 1 3 2 0 0 0/0 25:41 5:49 2:47
Brad Staubitz 0 1 1 2 0 0 0 1 0 0 0/0 8:08 0:07 0:00
Brayden McNabb 0 0 0 0 0 0 2 0 0 1 0/0 5:31 0:00 0:00
Cal Clutterbuck 0 1 1 1 0 1 3 0 0 0 0/0 10:51 0:00 0:40
Danny Syvret 0 0 0 -2 2 1 2 1 1 0 0/0 18:06 4:59 1:12
Jeff Tambellini 2 0 2 0 0 8 5 1 1 2 0/0 22:56 5:37 2:57
Jonathan Blum 0 0 0 1 0 0 0 2 0 0 0/0 10:53 0:00 0:47
Kevin Klein 0 1 1 3 0 2 1 0 2 3 0/0 25:52 5:49 2:57
Kris Beech 1 0 1 -1 0 3 0 0 0 1 6/9 16:30 4:48 0:12
Marc-Antoine Pouliot 0 1 1 2 0 0 0 0 0 0 4/4 7:40 0:00 0:00
Martin Hanzal 0 1 1 1 4 2 0 0 0 0 2/4 10:47 0:29 0:00
Mats Zuccarello 2 0 2 2 0 3 0 0 1 0 0/0 7:40 0:00 0:00
Matt Walker 0 0 0 -2 0 3 0 0 0 3 0/0 18:31 4:46 1:49
Nigel Dawes 0 1 1 -1 0 0 3 0 2 0 2/2 18:21 4:48 1:41
Patrick O'Sullivan 0 2 2 0 0 2 1 1 1 0 21/35 20:31 5:08 1:01
Samuel Groulx 0 0 0 0 0 0 1 0 0 2 0/0 5:31 0:00 0:00
Shean Donovan 0 0 0 -1 0 1 0 0 0 0 0/0 16:10 4:48 0:00
Troy Brouwer 1 0 1 1 0 4 1 0 0 1 0/0 11:05 0:26 0:08
Tyler Eckford 0 0 0 1 0 0 0 1 0 0 0/0 10:06 0:00 0:00
3 Stars
1 - Jeff Tambellini (Kin)
2 - Mats Zuccarello (Kin)
3 - Gustav Nyquist (Bro)
Power Play
Gangsters - 1 on 5 Attempt(s) - 20,00%
Ice Dragons - 1 on 7 Attempt(s) - 14,29%
Penalty Kill
Gangsters - 6 on 7 Attempt(s) - 85,71%
- Score 0 goal in Penalty Kill
Ice Dragons - 4 on 5 Attempt(s) - 80,00%
- Score 0 goal in Penalty Kill
Official
Referees : VanMassenhoven Don and Morton Dean
Linesman : Darren Gibbs and Thor Nelson
Game Notes
0:39 of 2nd period - Ice Dragons goal is going for a video replay. After video review, Goal.
Dustin Tokarski enters game at 0:39 of 2nd period
3:12 of 3rd period - Penalty Shot by Brayden McNabb for Ice Dragons - Shot Misses the Net
3:26 of 3rd period - Ice Dragons goal is going for a video replay. After video review, Goal.
Finance
Level 1 -- Attendance: 1436 (71,80%) -- Ticket Income 50 260 $
Level 2 -- Attendance: 789 (78,90%) -- Ticket Income 11 835 $
Total Attendance: 2225 (74,17%)
Total Ticket Income: 62 095 $
Other Income: 3 105 $
Total Income: 65 200 $
Gangsters
5 vs 5 Forward
Center Left Wing Right Wing Time % Phy DF OF
1 Alexandre Bolduc Chris Bourque Ryan Keller 40 1 2 2
2 Artem Anisimov Nick Foligno Ryan Jones 30 1 2 2
3 Brock Bradford Dave Dziurzynski Gustav Nyquist 20 1 2 2
4 Maxime Sauvé Luke Gazdic Mikko Lehtonen 10 1 2 2
5 vs 5 Defense
Defense Defense Time % Phy DF OF
1 Ville Koistinen Bryan Young 40 1 2 2
2 Shaun Heska Colten Teubert 30 1 2 2
3 Matt Delahey Michael Sdao 20 1 2 2
4 Brett Ponich Ville Koistinen 10 1 2 2
PowerPlay Forward
Center Left Wing Right Wing Time % Phy DF OF
1 Alexandre Bolduc Chris Bourque Ryan Keller 60 1 2 2
2 Artem Anisimov Nick Foligno Ryan Jones 40 1 2 2
PowerPlay Defense
Defense Defense Time % Phy DF OF
1 Ville Koistinen Bryan Young 60 1 2 2
2 Shaun Heska Colten Teubert 40 1 2 2
Penalty Kill 4 Players Forward
Center Wing Time % Phy DF OF
1 Chris Bourque Ryan Keller 60 1 2 2
2 Nick Foligno Alexandre Bolduc 40 1 2 2
Penalty Kill 4 Players Defense
Defense Defense Time % Phy DF OF
1 Ville Koistinen Bryan Young 60 1 2 2
2 Shaun Heska Colten Teubert 40 1 2 2
Penalty Kill - 3 Players Forward
Forward Time % Phy DF OF
1 Chris Bourque 60 1 2 2
2 Ryan Keller 40 1 2 2
Penalty Kill - 3 Players Defense
Defense Defense Time % Phy DF OF
1 Ville Koistinen Bryan Young 60 1 2 2
2 Shaun Heska Colten Teubert 40 1 2 2
4 vs 4 Forward
Center Wing Time % Phy DF OF
1 Chris Bourque Ryan Keller 60 1 2 2
2 Nick Foligno Alexandre Bolduc 40 1 2 2
4 vs 4 Defense
Defense Defense Time % Phy DF OF
1 Ville Koistinen Bryan Young 60 1 2 2
2 Shaun Heska Colten Teubert 40 1 2 2
Last Minutes Offensive
Center Left Wing Right Wing Defense Defense
Alexandre Bolduc Chris Bourque Ryan Keller Ville Koistinen Bryan Young
Last Minutes Defensive
Center Left Wing Right Wing Defense Defense
Alexandre Bolduc Chris Bourque Ryan Keller Ville Koistinen Bryan Young
Goaltenders
Starting : David LeNeveu
Backup : Dustin Tokarski
Extra Forwards
Normal : Gustav Nyquist, Mikko Lehtonen, Brock Bradford - PP : Gustav Nyquist, Mikko Lehtonen - PK : Brock Bradford
Extra Defensemen
Normal : Matt Delahey, Michael Sdao, Brett Ponich - PP : Matt Delahey - PK : Michael Sdao, Brett Ponich
Penalty Shots
Chris Bourque, Ryan Keller, Nick Foligno, Alexandre Bolduc, Ryan Jones
Ice Dragons
5 vs 5 Forward
Center Left Wing Right Wing Time % Phy DF OF
1 Patrick O'Sullivan Jeff Tambellini Alexander Radulov 40 1 2 2
2 Kris Beech Nigel Dawes Shean Donovan 30 1 2 2
3 Martin Hanzal Troy Brouwer Cal Clutterbuck 20 1 2 2
4 Marc-Antoine Pouliot Mats Zuccarello Brad Staubitz 10 1 2 2
5 vs 5 Defense
Defense Defense Time % Phy DF OF
1 Boris Valabik Kevin Klein 40 1 2 2
2 Matt Walker Danny Syvret 30 1 2 2
3 Tyler Eckford Jonathan Blum 20 1 2 2
4 Brayden McNabb Samuel Groulx 10 1 2 2
PowerPlay Forward
Center Left Wing Right Wing Time % Phy DF OF
1 Patrick O'Sullivan Jeff Tambellini Alexander Radulov 60 1 2 2
2 Kris Beech Nigel Dawes Shean Donovan 40 1 2 2
PowerPlay Defense
Defense Defense Time % Phy DF OF
1 Boris Valabik Kevin Klein 60 1 2 2
2 Matt Walker Danny Syvret 40 1 2 2
Penalty Kill 4 Players Forward
Center Wing Time % Phy DF OF
1 Alexander Radulov Jeff Tambellini 60 1 2 2
2 Nigel Dawes Patrick O'Sullivan 40 1 2 2
Penalty Kill 4 Players Defense
Defense Defense Time % Phy DF OF
1 Boris Valabik Kevin Klein 60 1 2 2
2 Matt Walker Danny Syvret 40 1 2 2
Penalty Kill - 3 Players Forward
Forward Time % Phy DF OF
1 Alexander Radulov 60 1 2 2
2 Jeff Tambellini 40 1 2 2
Penalty Kill - 3 Players Defense
Defense Defense Time % Phy DF OF
1 Boris Valabik Kevin Klein 60 1 2 2
2 Matt Walker Danny Syvret 40 1 2 2
4 vs 4 Forward
Center Wing Time % Phy DF OF
1 Alexander Radulov Jeff Tambellini 60 1 2 2
2 Nigel Dawes Patrick O'Sullivan 40 1 2 2
4 vs 4 Defense
Defense Defense Time % Phy DF OF
1 Boris Valabik Kevin Klein 60 1 2 2
2 Matt Walker Danny Syvret 40 1 2 2
Last Minutes Offensive
Center Left Wing Right Wing Defense Defense
Patrick O'Sullivan Jeff Tambellini Alexander Radulov Boris Valabik Kevin Klein
Last Minutes Defensive
Center Left Wing Right Wing Defense Defense
Patrick O'Sullivan Jeff Tambellini Alexander Radulov Boris Valabik Kevin Klein
Goaltenders
Starting : Anders Nilsson
Backup : Justin Pogge
Extra Forwards
Normal : Troy Brouwer, Martin Hanzal, Cal Clutterbuck - PP : Troy Brouwer, Martin Hanzal - PK : Cal Clutterbuck
Extra Defensemen
Normal : Tyler Eckford, Jonathan Blum, Brayden McNabb - PP : Tyler Eckford - PK : Jonathan Blum, Brayden McNabb
Penalty Shots
Alexander Radulov, Jeff Tambellini, Nigel Dawes, Patrick O'Sullivan, Troy Brouwer
% Time on Ice - Gangsters
Lines # - Real PCT - Wanted PCT - Time Play
Normal Forward
1 - 35% - 40% - 15:20
2 - 27% - 30% - 11:32
3 - 23% - 20% - 10:06
4 - 15% - 10% - 6:20
Normal Defense
1 - 39% - 40% - 17:01
2 - 30% - 30% - 12:50
3 - 26% - 20% - 11:09
4 - 5% - 10% - 2:18
PP Forward
1 - 60% - 60% - 2:51
2 - 40% - 40% - 1:55
PP Defense
1 - 63% - 60% - 2:59
2 - 37% - 40% - 1:47
PK Forward
1 - 69% - 60% - 7:15
2 - 31% - 40% - 3:20
PK Defense
1 - 65% - 60% - 6:53
2 - 35% - 40% - 3:42
PK3 Forward
1 - 0% - 60%
2 - 0% - 40%
PK3 Defense
1 - 0% - 60%
2 - 0% - 40%
44 Forward
1 - 89% - 60% - 1:12
2 - 11% - 40% - 0:09
44 Defense
1 - 67% - 60% - 0:54
2 - 33% - 40% - 0:27
Last Minute Offensive - 0:00
Last Minute Defensive - 0:00
Total
Forward - 60:00
Defense - 60:00
|
% Time on Ice - Ice Dragons
Lines # - Real PCT - Wanted PCT - Time Play
Normal Forward
1 - 34% - 40% - 14:37
2 - 27% - 30% - 11:32
3 - 22% - 20% - 9:29
4 - 18% - 10% - 7:40
Normal Defense
1 - 38% - 40% - 16:28
2 - 26% - 30% - 11:13
3 - 23% - 20% - 10:06
4 - 13% - 10% - 5:31
PP Forward
1 - 55% - 60% - 5:47
2 - 45% - 40% - 4:48
PP Defense
1 - 55% - 60% - 5:49
2 - 45% - 40% - 4:46
PK Forward
1 - 79% - 60% - 3:45
2 - 21% - 40% - 1:01
PK Defense
1 - 62% - 60% - 2:57
2 - 38% - 40% - 1:49
PK3 Forward
1 - 0% - 60%
2 - 0% - 40%
PK3 Defense
1 - 0% - 60%
2 - 0% - 40%
44 Forward
1 - 79% - 60% - 1:04
2 - 21% - 40% - 0:17
44 Defense
1 - 47% - 60% - 0:38
2 - 53% - 40% - 0:43
Last Minute Offensive - 0:00
Last Minute Defensive - 0:00
Total
Forward - 60:00
Defense - 60:00
|
Play by Play
1st period
0:01 of 1st period - Alexandre Bolduc wins face-off versus Patrick O'Sullivan in neutral zone.
0:27 of 1st period - Bryan Young is hit by Kevin Klein and loses puck.
1:22 of 1st period - Off-side.
1:23 of 1st period - Alexandre Bolduc wins face-off versus Patrick O'Sullivan in neutral zone.
1:48 of 1st period - Ryan Jones is hit by Danny Syvret and loses puck.
2:10 of 1st period - Wrist shot by Gustav Nyquist.
2:10 of 1st period - Stopped by Anders Nilsson with a rebound.
2:12 of 1st period - Slapshot by Ville Koistinen.
2:12 of 1st period - Stopped by Anders Nilsson without a rebound.
2:13 of 1st period - Patrick O'Sullivan wins face-off versus Dave Dziurzynski in Ice Dragons zone.
2:18 of 1st period - Brock Bradford is hit by Brayden McNabb and loses puck.
2:39 of 1st period - Colten Teubert is hit by Brayden McNabb and loses puck.
2:46 of 1st period - Slapshot by Gustav Nyquist.
2:46 of 1st period - Shot Hit the Post.
3:52 of 1st period - Backhand shot by Gustav Nyquist.
3:52 of 1st period - Goal by Gustav Nyquist - Gangsters : 1 - Ice Dragons : 0.
3:53 of 1st period - Patrick O'Sullivan wins face-off versus Alexandre Bolduc in neutral zone.
4:04 of 1st period - Alexander Radulov is hit by Ville Koistinen and loses puck.
5:33 of 1st period - Wrist shot by Jeff Tambellini.
5:33 of 1st period - Shot Blocked by Maxime Sauvé.
5:35 of 1st period - Snap shot by Matt Walker.
5:35 of 1st period - Stopped by David LeNeveu with a rebound.
5:37 of 1st period - Slapshot by Jeff Tambellini.
5:37 of 1st period - Shot Misses the Net.
5:39 of 1st period - Snap shot by Jeff Tambellini.
5:39 of 1st period - Shot Blocked by Colten Teubert.
5:49 of 1st period - Shaun Heska is hit by Troy Brouwer and loses puck.
5:56 of 1st period - Slapshot by Troy Brouwer.
5:56 of 1st period - Shot Misses the Net.
5:58 of 1st period - Wrist shot by Cal Clutterbuck.
5:58 of 1st period - Stopped by David LeNeveu with a rebound.
6:41 of 1st period - Wrist shot by Nigel Dawes.
6:41 of 1st period - Shot Misses the Net.
7:10 of 1st period - Mikko Lehtonen is hit by Cal Clutterbuck and loses puck.
7:33 of 1st period - Snap shot by Marc-Antoine Pouliot.
7:33 of 1st period - Shot Misses the Net.
7:35 of 1st period - Snap shot by Boris Valabik.
7:35 of 1st period - Stopped by David LeNeveu with a rebound.
7:37 of 1st period - Snap shot by Marc-Antoine Pouliot.
7:37 of 1st period - Shot Hit the Post.
7:39 of 1st period - Snap shot by Brad Staubitz.
7:39 of 1st period - Deflect By Mats Zuccarello.
7:39 of 1st period - Goal by Mats Zuccarello - Gangsters : 1 - Ice Dragons : 1.
7:40 of 1st period - Patrick O'Sullivan wins face-off versus Alexandre Bolduc in neutral zone.
8:12 of 1st period - Off-side.
8:13 of 1st period - Artem Anisimov wins face-off versus Patrick O'Sullivan in neutral zone.
8:46 of 1st period - Wrist shot by Kris Beech.
8:46 of 1st period - Stopped by David LeNeveu without a rebound.
8:47 of 1st period - Kris Beech wins face-off versus Chris Bourque in Gangsters zone.
9:22 of 1st period - Snap shot by Mikko Lehtonen.
9:22 of 1st period - Shot Misses the Net.
9:24 of 1st period - Slapshot by Michael Sdao.
9:24 of 1st period - Stopped by Anders Nilsson without a rebound.
9:25 of 1st period - Patrick O'Sullivan wins face-off versus Alexandre Bolduc in Ice Dragons zone.
9:30 of 1st period - Snap shot by Jeff Tambellini.
9:30 of 1st period - Shot Misses the Net.
9:34 of 1st period - Snap shot by Jeff Tambellini.
9:34 of 1st period - Goal by Jeff Tambellini - Gangsters : 1 - Ice Dragons : 2.
9:35 of 1st period - Patrick O'Sullivan wins face-off versus Alexandre Bolduc in neutral zone.
10:09 of 1st period - Wrist shot by Troy Brouwer.
10:09 of 1st period - Stopped by David LeNeveu with a rebound.
10:11 of 1st period - Wrist shot by Martin Hanzal.
10:11 of 1st period - Shot Misses the Net.
10:33 of 1st period - Wrist shot by Nigel Dawes.
10:33 of 1st period - Shot Misses the Net.
10:57 of 1st period - Snap shot by Ryan Keller.
10:57 of 1st period - Shot Misses the Net.
11:09 of 1st period - Wrist shot by Alexander Radulov.
11:09 of 1st period - Deflect By Patrick O'Sullivan.
11:09 of 1st period - Stopped by David LeNeveu with a rebound.
11:11 of 1st period - Snap shot by Jeff Tambellini.
11:11 of 1st period - Shot Misses the Net.
11:13 of 1st period - Snap shot by Jeff Tambellini.
11:13 of 1st period - Shot Misses the Net.
11:15 of 1st period - Snap shot by Jeff Tambellini.
11:15 of 1st period - Stopped by David LeNeveu without a rebound.
11:16 of 1st period - Artem Anisimov wins face-off versus Patrick O'Sullivan in Gangsters zone.
11:48 of 1st period - Snap shot by Chris Bourque.
11:48 of 1st period - Shot Misses the Net.
12:04 of 1st period - Wrist shot by Gustav Nyquist.
12:04 of 1st period - Stopped by Anders Nilsson with a rebound.
12:06 of 1st period - Snap shot by Brock Bradford.
12:06 of 1st period - Shot Blocked by Danny Syvret.
12:08 of 1st period - Slapshot by Brock Bradford.
12:08 of 1st period - Shot Misses the Net.
12:10 of 1st period - Snap shot by Gustav Nyquist.
12:10 of 1st period - Deflect By Brock Bradford.
12:10 of 1st period - Stopped by Anders Nilsson with a rebound.
12:12 of 1st period - Snap shot by Brock Bradford.
12:12 of 1st period - Stopped by Anders Nilsson with a rebound.
12:22 of 1st period - Snap shot by Mikko Lehtonen.
12:22 of 1st period - Stopped by Anders Nilsson without a rebound.
12:23 of 1st period - Marc-Antoine Pouliot wins face-off versus Maxime Sauvé in Ice Dragons zone.
12:34 of 1st period - Wrist shot by Maxime Sauvé.
12:34 of 1st period - Stopped by Anders Nilsson with a rebound.
12:44 of 1st period - Minor Penalty to Boris Valabik for Hooking.
12:45 of 1st period - Chris Bourque wins face-off versus Alexander Radulov in Ice Dragons zone.
12:50 of 1st period - Snap shot by Alexandre Bolduc.
12:50 of 1st period - Shot Misses the Net.
12:52 of 1st period - Slapshot by Ryan Keller.
12:52 of 1st period - Shot Blocked by Alexander Radulov.
12:54 of 1st period - Snap shot by Chris Bourque.
12:54 of 1st period - Goal by Chris Bourque - Gangsters : 2 - Ice Dragons : 2.
12:55 of 1st period - Alexandre Bolduc wins face-off versus Patrick O'Sullivan in neutral zone.
13:00 of 1st period - Slapshot by Ryan Keller.
13:00 of 1st period - Shot Blocked by Jeff Tambellini.
14:42 of 1st period - Nick Foligno is hit by Jeff Tambellini and loses puck.
15:19 of 1st period - Wrist shot by Kris Beech.
15:19 of 1st period - Shot Misses the Net.
15:21 of 1st period - Minor Penalty to Dave Dziurzynski for Holding.
15:22 of 1st period - Patrick O'Sullivan wins face-off versus Chris Bourque in Gangsters zone.
15:23 of 1st period - Wrist shot by Jeff Tambellini.
15:23 of 1st period - Goal by Jeff Tambellini - Gangsters : 2 - Ice Dragons : 3.
15:24 of 1st period - Patrick O'Sullivan wins face-off versus Alexandre Bolduc in neutral zone.
15:27 of 1st period - Wrist shot by Patrick O'Sullivan.
15:27 of 1st period - Shot Misses the Net.
15:35 of 1st period - Wrist shot by Alexander Radulov.
15:35 of 1st period - Stopped by David LeNeveu with a rebound.
15:37 of 1st period - Snap shot by Jeff Tambellini.
15:37 of 1st period - Stopped by David LeNeveu without a rebound.
15:38 of 1st period - Artem Anisimov wins face-off versus Patrick O'Sullivan in Gangsters zone.
15:47 of 1st period - Slapshot by Patrick O'Sullivan.
15:47 of 1st period - Stopped by David LeNeveu with a rebound.
16:10 of 1st period - Wrist shot by Chris Bourque.
16:10 of 1st period - Shot Misses the Net.
16:14 of 1st period - Snap shot by Ryan Keller.
16:14 of 1st period - Stopped by Anders Nilsson without a rebound.
16:15 of 1st period - Ryan Keller wins face-off versus Patrick O'Sullivan in Ice Dragons zone.
16:18 of 1st period - Snap shot by Chris Bourque.
16:18 of 1st period - Shot Blocked by Tyler Eckford.
16:20 of 1st period - Slapshot by Shaun Heska.
16:20 of 1st period - Shot Blocked by Patrick O'Sullivan.
16:44 of 1st period - Wrist shot by Dave Dziurzynski.
16:44 of 1st period - Stopped by Anders Nilsson without a rebound.
16:45 of 1st period - Kris Beech wins face-off versus Brock Bradford in Ice Dragons zone.
16:56 of 1st period - Snap shot by Shean Donovan.
16:56 of 1st period - Shot Misses the Net.
16:58 of 1st period - Snap shot by Kris Beech.
16:58 of 1st period - Stopped by David LeNeveu with a rebound.
17:00 of 1st period - Wrist shot by Kris Beech.
17:00 of 1st period - Shot Blocked by Brock Bradford.
17:09 of 1st period - Minor Penalty to Martin Hanzal for Diving.
17:10 of 1st period - Alexandre Bolduc wins face-off versus Alexander Radulov in Ice Dragons zone.
19:07 of 1st period - Bryan Young is hit by Boris Valabik.
19:09 of 1st period - Penalty to Martin Hanzal is over, Martin Hanzal is back on ice.
19:11 of 1st period - Slapshot by Mikko Lehtonen.
19:11 of 1st period - Shot Blocked by Boris Valabik.
19:13 of 1st period - Slapshot by Gustav Nyquist.
19:13 of 1st period - Shot Misses the Net.
19:15 of 1st period - Snap shot by Gustav Nyquist.
19:15 of 1st period - Deflect By Mikko Lehtonen.
19:15 of 1st period - Shot Blocked by Boris Valabik.
19:15 of 1st period - Puck is out of play.
19:16 of 1st period - Marc-Antoine Pouliot wins face-off versus Brock Bradford in Ice Dragons zone.
19:21 of 1st period - Slapshot by Brock Bradford.
19:21 of 1st period - Stopped by Anders Nilsson with a rebound.
19:23 of 1st period - Slapshot by Michael Sdao.
19:23 of 1st period - Stopped by Anders Nilsson without a rebound.
19:24 of 1st period - Marc-Antoine Pouliot wins face-off versus Brock Bradford in Ice Dragons zone.
19:24 of 1st period - Marc-Antoine Pouliot is hit by Gustav Nyquist.
19:30 of 1st period - Snap shot by Gustav Nyquist.
19:30 of 1st period - Stopped by Anders Nilsson with a rebound.
19:44 of 1st period - Wrist shot by Gustav Nyquist.
19:44 of 1st period - Shot Blocked by Jonathan Blum.
19:46 of 1st period - Snap shot by Shaun Heska.
19:46 of 1st period - Shot Blocked by Jonathan Blum.
19:54 of 1st period - Snap shot by Gustav Nyquist.
19:54 of 1st period - Stopped by Anders Nilsson with a rebound.
19:56 of 1st period - Slapshot by Matt Delahey.
19:56 of 1st period - Deflect By Gustav Nyquist.
19:56 of 1st period - Stopped by Anders Nilsson with a rebound.
19:58 of 1st period - Slapshot by Matt Delahey.
19:58 of 1st period - Stopped by Anders Nilsson with a rebound.
Goals for this period are 2 for Gangsters vs 3 for Ice Dragons.
Shots for this period are 18 for Gangsters vs 14 for Ice Dragons.
2nd period
0:01 of 2nd period - Patrick O'Sullivan wins face-off versus Alexandre Bolduc in neutral zone.
0:04 of 2nd period - Wrist shot by Jeff Tambellini.
0:04 of 2nd period - Stopped by David LeNeveu without a rebound.
0:05 of 2nd period - Patrick O'Sullivan wins face-off versus Alexandre Bolduc in Gangsters zone.
0:08 of 2nd period - Wrist shot by Jeff Tambellini.
0:08 of 2nd period - Stopped by David LeNeveu with a rebound.
0:30 of 2nd period - Nigel Dawes is hit by Nick Foligno and loses puck.
0:37 of 2nd period - Slapshot by Kevin Klein.
0:37 of 2nd period - Deflect By Bryan Young.
0:37 of 2nd period - Stopped by David LeNeveu with a rebound.
0:39 of 2nd period - Slapshot by Kris Beech.
0:39 of 2nd period - Deflect By Nick Foligno.
0:39 of 2nd period - Ice Dragons goal is going for a video replay.
0:39 of 2nd period - The goal is good.
0:39 of 2nd period - Goal by Kris Beech - Gangsters : 2 - Ice Dragons : 4.
0:39 of 2nd period - Dustin Tokarski enters game.
0:40 of 2nd period - Alexandre Bolduc wins face-off versus Patrick O'Sullivan in neutral zone.
0:45 of 2nd period - Snap shot by Ryan Keller.
0:45 of 2nd period - Goal by Ryan Keller - Gangsters : 3 - Ice Dragons : 4.
0:46 of 2nd period - Alexandre Bolduc wins face-off versus Patrick O'Sullivan in neutral zone.
1:11 of 2nd period - Artem Anisimov is hit by Nigel Dawes and loses puck.
1:58 of 2nd period - Snap shot by Troy Brouwer.
1:58 of 2nd period - Stopped by Dustin Tokarski with a rebound.
2:00 of 2nd period - Slapshot by Kevin Klein.
2:00 of 2nd period - Stopped by Dustin Tokarski with a rebound.
2:02 of 2nd period - Slapshot by Boris Valabik.
2:02 of 2nd period - Deflect By Martin Hanzal.
2:02 of 2nd period - Shot Misses the Net.
2:02 of 2nd period - Puck is out of play.
2:03 of 2nd period - Alexandre Bolduc wins face-off versus Patrick O'Sullivan in Gangsters zone.
2:16 of 2nd period - Wrist shot by Alexander Radulov.
2:16 of 2nd period - Shot Misses the Net.
2:28 of 2nd period - Wrist shot by Kris Beech.
2:28 of 2nd period - Shot Misses the Net.
3:30 of 2nd period - Marc-Antoine Pouliot is hit by Nick Foligno and loses puck.
3:41 of 2nd period - Wrist shot by Ryan Jones.
3:41 of 2nd period - Stopped by Anders Nilsson without a rebound.
3:42 of 2nd period - Patrick O'Sullivan wins face-off versus Alexandre Bolduc in Ice Dragons zone.
3:53 of 2nd period - Snap shot by Alexandre Bolduc.
3:53 of 2nd period - Stopped by Anders Nilsson with a rebound.
4:32 of 2nd period - Ville Koistinen is hit by Cal Clutterbuck and loses puck.
4:55 of 2nd period - Slapshot by Bryan Young.
4:55 of 2nd period - Deflect By Mikko Lehtonen.
4:55 of 2nd period - Shot Misses the Net.
4:55 of 2nd period - Puck is out of play.
4:56 of 2nd period - Alexandre Bolduc wins face-off versus Kris Beech in Ice Dragons zone.
5:21 of 2nd period - Boris Valabik is hit by Brock Bradford and loses puck.
6:18 of 2nd period - Chris Bourque is hit by Cal Clutterbuck and loses puck.
6:32 of 2nd period - Off-side.
6:33 of 2nd period - Marc-Antoine Pouliot wins face-off versus Maxime Sauvé in neutral zone.
6:44 of 2nd period - Snap shot by Mats Zuccarello.
6:44 of 2nd period - Stopped by Dustin Tokarski without a rebound.
6:45 of 2nd period - Alexandre Bolduc wins face-off versus Patrick O'Sullivan in Gangsters zone.
6:45 of 2nd period - Alexandre Bolduc is hit by Jeff Tambellini.
6:59 of 2nd period - Wrist shot by Chris Bourque.
6:59 of 2nd period - Stopped by Anders Nilsson with a rebound.
7:07 of 2nd period - Minor Penalty to Danny Syvret for Interference.
7:08 of 2nd period - Alexandre Bolduc wins face-off versus Alexander Radulov in Ice Dragons zone.
7:11 of 2nd period - Snap shot by Ryan Keller.
7:11 of 2nd period - Shot Misses the Net.
7:21 of 2nd period - Wrist shot by Jeff Tambellini.
7:21 of 2nd period - Deflect By Alexander Radulov.
7:21 of 2nd period - Shot Misses the Net.
7:21 of 2nd period - Puck is out of play.
7:22 of 2nd period - Alexander Radulov wins face-off versus Alexandre Bolduc in Gangsters zone.
7:39 of 2nd period - Ville Koistinen is hit by Jeff Tambellini and loses puck.
7:49 of 2nd period - Off-side.
7:50 of 2nd period - Nigel Dawes wins face-off versus Artem Anisimov in neutral zone.
8:02 of 2nd period - Snap shot by Patrick O'Sullivan.
8:02 of 2nd period - Shot Misses the Net.
8:04 of 2nd period - Slapshot by Matt Walker.
8:04 of 2nd period - Stopped by Dustin Tokarski with a rebound.
8:16 of 2nd period - Artem Anisimov is hit by Jeff Tambellini and loses puck.
8:56 of 2nd period - Minor Penalty to Colten Teubert for Hooking.
8:57 of 2nd period - Chris Bourque wins face-off versus Alexander Radulov in Gangsters zone.
9:07 of 2nd period - Penalty to Danny Syvret is over, Danny Syvret is back on ice.
9:19 of 2nd period - Off-side.
9:20 of 2nd period - Kris Beech wins face-off versus Chris Bourque in neutral zone.
10:56 of 2nd period - Penalty to Colten Teubert is over, Colten Teubert is back on ice.
11:02 of 2nd period - Slapshot by Troy Brouwer.
11:02 of 2nd period - Stopped by Dustin Tokarski with a rebound.
12:09 of 2nd period - Boris Valabik is hit by Luke Gazdic and loses puck.
12:36 of 2nd period - Artem Anisimov is hit by Samuel Groulx and loses puck.
13:09 of 2nd period - Brad Staubitz is hit by Brock Bradford and loses puck.
13:57 of 2nd period - Shaun Heska is hit by Boris Valabik and loses puck.
14:44 of 2nd period - Wrist shot by Alexandre Bolduc.
14:44 of 2nd period - Shot Misses the Net.
14:46 of 2nd period - Slapshot by Shaun Heska.
14:46 of 2nd period - Deflect By Shean Donovan.
14:46 of 2nd period - Stopped by Anders Nilsson without a rebound.
14:47 of 2nd period - Kris Beech wins face-off versus Artem Anisimov in Ice Dragons zone.
15:16 of 2nd period - Shean Donovan is hit by Bryan Young.
16:20 of 2nd period - Slapshot by Martin Hanzal.
16:20 of 2nd period - Stopped by Dustin Tokarski with a rebound.
16:34 of 2nd period - Snap shot by Mats Zuccarello.
16:34 of 2nd period - Goal by Mats Zuccarello - Gangsters : 3 - Ice Dragons : 5.
16:35 of 2nd period - Alexander Radulov wins face-off versus Alexandre Bolduc in neutral zone.
16:50 of 2nd period - Alexandre Bolduc is hit by Alexander Radulov and loses puck.
17:29 of 2nd period - Off-side.
17:30 of 2nd period - Kris Beech wins face-off versus Brock Bradford in neutral zone.
17:45 of 2nd period - Icing by Danny Syvret.
17:46 of 2nd period - Nigel Dawes wins face-off versus Alexandre Bolduc in Ice Dragons zone.
17:55 of 2nd period - Slapshot by Matt Walker.
17:55 of 2nd period - Stopped by Dustin Tokarski without a rebound.
17:56 of 2nd period - Patrick O'Sullivan wins face-off versus Alexandre Bolduc in Gangsters zone.
18:09 of 2nd period - Wrist shot by Alexander Radulov.
18:09 of 2nd period - Stopped by Dustin Tokarski without a rebound.
18:10 of 2nd period - Artem Anisimov wins face-off versus Patrick O'Sullivan in Gangsters zone.
19:37 of 2nd period - Marc-Antoine Pouliot is hit by Shaun Heska and loses puck.
19:46 of 2nd period - Wrist shot by Nick Foligno.
19:46 of 2nd period - Shot Misses the Net.
Goals for this period are 1 for Gangsters vs 2 for Ice Dragons.
Shots for this period are 5 for Gangsters vs 13 for Ice Dragons.
3rd period
0:01 of 3rd period - Patrick O'Sullivan wins face-off versus Alexandre Bolduc in neutral zone.
0:03 of 3rd period - Off-side.
0:04 of 3rd period - Patrick O'Sullivan wins face-off versus Alexandre Bolduc in neutral zone.
0:38 of 3rd period - Minor Penalty to Alexandre Bolduc for Goalie Interference.
0:39 of 3rd period - Patrick O'Sullivan wins face-off versus Chris Bourque in Gangsters zone.
1:34 of 3rd period - Shaun Heska is hit by Jeff Tambellini and loses puck.
2:01 of 3rd period - Alexander Radulov is hit by Bryan Young and loses puck.
2:38 of 3rd period - Penalty to Alexandre Bolduc is over, Alexandre Bolduc is back on ice.
2:43 of 3rd period - Chris Bourque is hit by Danny Syvret and loses puck.
2:58 of 3rd period - Snap shot by Artem Anisimov.
2:58 of 3rd period - Shot Blocked by Brad Staubitz.
3:06 of 3rd period - Snap shot by Artem Anisimov.
3:06 of 3rd period - Shot Misses the Net.
3:12 of 3rd period - Penalty Shot by Brayden McNabb for Ice Dragons.
3:12 of 3rd period - Wrist shot by Brayden McNabb.
3:12 of 3rd period - Shot Misses the Net.
3:13 of 3rd period - Martin Hanzal wins face-off versus Dave Dziurzynski in Ice Dragons zone.
3:24 of 3rd period - Snap shot by Martin Hanzal.
3:24 of 3rd period - Shot Blocked by Shaun Heska.
3:26 of 3rd period - Wrist shot by Troy Brouwer.
3:26 of 3rd period - Ice Dragons goal is going for a video replay.
3:26 of 3rd period - The goal is good.
3:26 of 3rd period - Goal by Troy Brouwer - Gangsters : 3 - Ice Dragons : 6.
3:27 of 3rd period - Patrick O'Sullivan wins face-off versus Alexandre Bolduc in neutral zone.
4:19 of 3rd period - Kevin Klein is hit by Ville Koistinen and loses puck.
4:47 of 3rd period - Minor Penalty to Matt Delahey for Holding.
4:48 of 3rd period - Patrick O'Sullivan wins face-off versus Chris Bourque in Gangsters zone.
5:25 of 3rd period - Ville Koistinen is hit by Nigel Dawes and loses puck.
5:46 of 3rd period - Alexandre Bolduc is hit by Patrick O'Sullivan and loses puck.
6:03 of 3rd period - Snap shot by Brock Bradford.
6:03 of 3rd period - Stopped by Anders Nilsson without a rebound.
6:04 of 3rd period - Kris Beech wins face-off versus Brock Bradford in Ice Dragons zone.
6:11 of 3rd period - Snap shot by Brock Bradford.
6:11 of 3rd period - Shot Misses the Net.
6:47 of 3rd period - Penalty to Matt Delahey is over, Matt Delahey is back on ice.
6:55 of 3rd period - Snap shot by Chris Bourque.
6:55 of 3rd period - Stopped by Anders Nilsson without a rebound.
6:56 of 3rd period - Artem Anisimov wins face-off versus Martin Hanzal in Ice Dragons zone.
6:57 of 3rd period - Snap shot by Ryan Jones.
6:57 of 3rd period - Stopped by Anders Nilsson without a rebound.
6:58 of 3rd period - Patrick O'Sullivan wins face-off versus Artem Anisimov in Ice Dragons zone.
6:58 of 3rd period - Patrick O'Sullivan is hit by Michael Sdao.
7:05 of 3rd period - Minor Penalty to Artem Anisimov for Hooking.
7:06 of 3rd period - Chris Bourque wins face-off versus Patrick O'Sullivan in Gangsters zone.
7:06 of 3rd period - Chris Bourque is hit by Boris Valabik.
9:05 of 3rd period - Penalty to Artem Anisimov is over, Artem Anisimov is back on ice.
9:10 of 3rd period - Snap shot by Nick Foligno.
9:10 of 3rd period - Shot Misses the Net.
9:22 of 3rd period - Danny Syvret is hit by Ville Koistinen and loses puck.
10:14 of 3rd period - Slapshot by Brock Bradford.
10:14 of 3rd period - Stopped by Anders Nilsson without a rebound.
10:15 of 3rd period - Brock Bradford wins face-off versus Kris Beech in Ice Dragons zone.
10:18 of 3rd period - Wrist shot by Dave Dziurzynski.
10:18 of 3rd period - Goal by Dave Dziurzynski - Gangsters : 4 - Ice Dragons : 6.
10:19 of 3rd period - Patrick O'Sullivan wins face-off versus Alexandre Bolduc in neutral zone.
10:22 of 3rd period - Slapshot by Kevin Klein.
10:22 of 3rd period - Deflect By Patrick O'Sullivan.
10:22 of 3rd period - Shot Blocked by Alexandre Bolduc.
10:22 of 3rd period - Puck is out of play.
10:23 of 3rd period - Patrick O'Sullivan wins face-off versus Alexandre Bolduc in Gangsters zone.
10:36 of 3rd period - Snap shot by Alexander Radulov.
10:36 of 3rd period - Stopped by Dustin Tokarski without a rebound.
10:37 of 3rd period - Artem Anisimov wins face-off versus Patrick O'Sullivan in Gangsters zone.
10:44 of 3rd period - Snap shot by Nick Foligno.
10:44 of 3rd period - Deflect By Ryan Jones.
10:44 of 3rd period - Stopped by Anders Nilsson with a rebound.
11:04 of 3rd period - Kevin Klein is hit by Gustav Nyquist and loses puck.
11:38 of 3rd period - Wrist shot by Shean Donovan.
11:38 of 3rd period - Stopped by Dustin Tokarski with a rebound.
11:40 of 3rd period - Slapshot by Danny Syvret.
11:40 of 3rd period - Stopped by Dustin Tokarski without a rebound.
11:41 of 3rd period - Artem Anisimov wins face-off versus Martin Hanzal in Gangsters zone.
11:46 of 3rd period - Slapshot by Martin Hanzal.
11:46 of 3rd period - Stopped by Dustin Tokarski without a rebound.
11:47 of 3rd period - Martin Hanzal wins face-off versus Artem Anisimov in Gangsters zone.
11:59 of 3rd period - Troy Brouwer is hit by Ryan Jones and loses puck.
12:17 of 3rd period - Slapshot by Shaun Heska.
12:17 of 3rd period - Stopped by Anders Nilsson without a rebound.
12:18 of 3rd period - Patrick O'Sullivan wins face-off versus Alexandre Bolduc in Ice Dragons zone.
12:43 of 3rd period - Danny Syvret is hit by Bryan Young.
12:53 of 3rd period - Wrist shot by Brock Bradford.
12:53 of 3rd period - Shot Misses the Net.
13:06 of 3rd period - Minor Penalty to Luke Gazdic for Holding.
13:07 of 3rd period - Patrick O'Sullivan wins face-off versus Chris Bourque in Gangsters zone.
13:40 of 3rd period - Slapshot by Jeff Tambellini.
13:40 of 3rd period - Stopped by Dustin Tokarski with a rebound.
13:44 of 3rd period - Snap shot by Jeff Tambellini.
13:44 of 3rd period - Shot Misses the Net.
13:46 of 3rd period - Wrist shot by Jeff Tambellini.
13:46 of 3rd period - Shot Misses the Net.
13:48 of 3rd period - Snap shot by Jeff Tambellini.
13:48 of 3rd period - Stopped by Dustin Tokarski with a rebound.
13:58 of 3rd period - Snap shot by Alexander Radulov.
13:58 of 3rd period - Stopped by Dustin Tokarski without a rebound.
13:59 of 3rd period - Chris Bourque wins face-off versus Kris Beech in Gangsters zone.
14:12 of 3rd period - Snap shot by Matt Walker.
14:12 of 3rd period - Shot Misses the Net.
15:06 of 3rd period - Penalty to Luke Gazdic is over, Luke Gazdic is back on ice.
15:32 of 3rd period - Minor Penalty to Martin Hanzal for Holding.
15:33 of 3rd period - Alexandre Bolduc wins face-off versus Alexander Radulov in Ice Dragons zone.
15:36 of 3rd period - Slapshot by Chris Bourque.
15:36 of 3rd period - Shot Misses the Net.
16:20 of 3rd period - Minor Penalty to Bryan Young for Roughing.
16:21 of 3rd period - Alexander Radulov wins face-off versus Chris Bourque in Gangsters zone.
16:47 of 3rd period - Ryan Keller is hit by Nigel Dawes and loses puck.
17:23 of 3rd period - Danny Syvret is hit by Shaun Heska and loses puck.
17:32 of 3rd period - Penalty to Martin Hanzal is over, Martin Hanzal is back on ice.
18:20 of 3rd period - Penalty to Bryan Young is over, Bryan Young is back on ice.
18:26 of 3rd period - Slapshot by Alexander Radulov.
18:26 of 3rd period - Stopped by Dustin Tokarski with a rebound.
19:34 of 3rd period - Chris Bourque is hit by Alexander Radulov and loses puck.
Goals for this period are 1 for Gangsters vs 1 for Ice Dragons.
Shots for this period are 7 for Gangsters vs 9 for Ice Dragons.
Output by the SimonT Hockey Simulator (STHS) for François Prévost -- Original Page W3C XHTML 1.0 Valid